 Dungeon Crawl Stone Soup version 0.29.1-12-g30fa7ad0bf (webtiles) character file.

Game seed: 12311714487094949654

24 DemonSlayer the Digger (level 2, 0/19 HPs)
             Began as a Demonspawn Earth Elementalist on Jan 18, 2023.
             Slain by a quokka (4 damage)
             ... on level 3 of the Dungeon.
             The game lasted 00:01:07 (604 turns).

DemonSlayer the Digger (DsEE)                        Turns: 604, Time: 00:01:07

Health: 0/19       AC:  2    Str:  8    XL:     2   Next: 79%
Magic:  0/5        EV: 12    Int: 16    God:
Gold:   33         SH:  0    Dex: 13    Spells: 4/5 levels left

rFire   . . .      SeeInvis .   c - +0 trident
rCold   . . .      Faith    .   (no shield)
rNeg    . . .      Spirit   .   a - +0 robe
rPois   .          Reflect  .   (no helmet)
rElec   .          Harm     .   (no cloak)
rCorr   .          Rampage  .   (no gloves)
Will    .....                   (no boots)
Stlth   ++........              (no amulet)
HPRegen 0.06/turn               (no ring)
MPRegen 0.09/turn               (no ring)

@: very slightly contaminated, hasted, very quick
A: powered by pain 1
a: no special abilities


You were on level 3 of the Dungeon.
You visited 1 branch of the dungeon, and saw 3 of its levels.

You collected 33 gold pieces.

Inventory:

Hand Weapons
 c - a +0 trident (weapon)
Armour
 a - a +0 robe (worn)
Jewellery
 g - a +6 ring of dexterity
Scrolls
 e - a scroll of enchant weapon {unknown}
 h - a scroll of teleportation {unknown}
Potions
 b - a potion of magic
 d - a potion of brilliance {unknown}
 f - a potion of haste


   Skills:
 + Level 2.0 Dodging
 + Level 1.9 Stealth
 + Level 2.3 Spellcasting
 + Level 0.8 Transmutations
 + Level 3.2 Earth Magic


You had 4 spell levels left.
You knew the following spells:

 Your Spells              Type           Power      Damage    Failure   Level
a - Sandblast             Erth           24%        2d8       5%          1

Your spell library contained the following spells:

 Spells                   Type           Power      Damage    Failure   Level
 Passwall                 Tmut/Erth      6%         N/A       13%         2
 Stone Arrow              Conj/Erth      14%        3d7       30%         3
 Petrify                  Tmut/Erth      8%         N/A       65%         4


Dungeon Overview and Level Annotations

Branches:
Dungeon (3/15)

Altars:


Innate Abilities, Weirdness & Mutations

You sometimes gain a little power by taking damage.


Message History

A kobold is nearby!
You can't see any susceptible monsters within range! (Use Z to cast anyway.)
You can't see any susceptible monsters within range! (Use Z to cast anyway.)
You can't see any susceptible monsters within range! (Use Z to cast anyway.)
Found 6 gold pieces.
The blast of sand hits the kobold.
You kill the kobold!
Your Dodging skill increases to level 2!
You can't see any susceptible monsters within range! (Use Z to cast anyway.)
You can't see any susceptible monsters within range! (Use Z to cast anyway.)
A kobold comes into view. It is wielding a +0 dagger.
A kobold is nearby!
A kobold is nearby!
A quokka comes into view.
You can't see any susceptible monsters within range! (Use Z to cast anyway.)
A quokka and a bat come into view.
The blast of sand hits the kobold but does no damage.
The bat barely misses you. The bat hits you but does no damage.
You barely miss the kobold. The bat barely misses you.
The kobold drinks a potion.
The kobold seems to speed up.
You miscast Sandblast.
You are very lightly contaminated with residual magic.
Nothing appears to happen.
The bat hits you. The kobold barely misses you. The quokka bites you.
The blast of sand hits the kobold!
You kill the kobold!
The bat hits you. The quokka barely misses you. x2
The bat hits you but does no damage.
The blast of sand misses the quokka.
The bat misses you. The quokka barely misses you.
The quokka closely misses you.
The quokka bites you but does no damage.
The quokka bites you.
The blast of sand hits the quokka.
The quokka is moderately wounded.
The bat hits you but does no damage. The quokka bites you. x3
* * * LOW HITPOINT WARNING * * *
The quokka barely misses you. The bat closely misses you.
You are too injured to fight recklessly!
You feel yourself speed up. The quokka bites you.
You die...

....$# #..........#
....... #..........#
.......####
##...†....##
..........# ##......##
..........######..####
.........=........#
..........#####...#
......)b....# ..#..#
......)@..#...#.#...#
......r.r...#.........
##.#.#......#
##....... ... .......#
....... ... ..........
.. .... ..
..#......... .
...#.........
..###.........


You could see 2 quokkas and a bat.

Vanquished Creatures
  An adder (D:3)
  2 endoplasms
  A giant cockroach (D:3)
  A hobgoblin (D:2)
  4 ball pythons (D:2)
  A frilled lizard (D:2)
  2 goblins (D:2)
  3 kobolds
  2 rats (D:2)
17 creatures vanquished.

Notes
Turn   | Place    | Note
-------+----------+-------------------------------------------
     0 | D:1      | DemonSlayer the Demonspawn Earth Elementalist began the
                  | quest for the Orb.
     0 | D:1      | Reached XP level 1. HP: 13/13 MP: 3/3
   383 | D:2      | Reached skill level 3 in Earth Magic
   420 | D:2      | Gained mutation: You sometimes gain a little power by
                  | taking damage. [demonic ancestry]
   420 | D:2      | Reached XP level 2. HP: 16/19 MP: 0/5
   604 | D:3      | Slain by a quokka

Illustrated notes

Levels and vault maps discovered:
D:1:      wander_arrival_desolate, layout_basic, serial_bayou_ford_a
D:2:      minmay_razor_zed, layout_loops_ring, serial_shops,
          nicolae_shop_behind_doors, kennysheep_boxes
D:3:      layout_rooms

Skill      XL: |  1  2 |
---------------+-------+-----
Earth Magic    | 3 |  3.2
Dodging        | 2 |  2.0
Stealth        | |  1.9
Spellcasting   | |  2.3
Transmutations | |  0.8

Action                   || total
-------------------------++-------
Melee: Trident           ||    14
 Cast: Sandblast         ||    19
  Use: Potion            ||     1
 Stab: Sleeping          ||     1
Armor: Robe              ||     7
Dodge: Dodged            ||    16
